Map: Acropolis LE

Players

souL

  • Race: Terran Terran
  • Spawn Location: 5:00

BackupJ - Winner!

  • Race: Protoss Protoss
  • Spawn Location: 11:00

VOD

Have the link to the VOD?

Description

Time

  • Played on: Sept. 6, 2019, 12:22 p.m.
  • Length: 7:52
Show
View Real Time Build Order
Export as new Build Order

souL Terran 

Build Orders: Gas First Reaper Expand, Banshee Rush 

Get SALT Encoding   

  12  0:01  SCV  
  13  0:13  SCV  
  14  0:17  Supply Depot  
  14  0:25  SCV  
  14  0:27  Refinery  
  15  0:39  SCV  
  16  0:44  Barracks  
  16  0:51  SCV  
  17  1:03  SCV  
  18  1:16  SCV  
  18  1:33  Reaper  
  18  1:34  Orbital Command  
  19  1:49  Command Center  
  19  2:00  Factory  
  19  2:03  SCV  
  20  2:11  Refinery  
  20  2:13  Barracks Reactor  
  20  2:17  SCV  
  21  2:23  Supply Depot  
  21  2:29  SCV  
  22  2:41  SCV  
  23  2:48  Starport  
  23  2:49  Marine  
  23  2:50  Marine  
  24  2:53  SCV  
  24  2:57  Factory Tech Lab  
  25  3:08  Orbital Command  
  25  3:11  Marine  
  25  3:12  Marine  
  27  3:14  SCV  
  28  3:23  Cyclone  
  28  3:24  Orbital Command  
  30  3:29  Marine  
  30  3:30  Marine, SCV  
  30  3:33  Starport Tech Lab  
  34  3:42  SCV  
  34  3:49  Marine x2  
  34  3:50  Cloaking Field  
  34  3:52  Banshee  
  34  3:55  SCV  
  40  3:58  SCV  
  41  4:07  Siege Tank, SCV, Marine  
  46  4:13  SCV  
  46  4:16  Supply Depot  
  46  4:27  Supply Depot  
  46  4:37  Banshee, SCV x2, Marine x2  
  53  4:46  Supply Depot  
  53  4:49  Barracks, SCV x2  
  53  4:52  Barracks  
  55  4:55  Marine  
  56  5:02  Supply Depot, SCV x2  
  56  5:06  Engineering Bay  
  58  5:11  Siege Tank  
  58  5:14  Marine x2, SCV  
  59  5:18  SCV  
  62  5:21  Refinery  
  62  5:26  SCV  
  63  5:32  SCV  
  63  5:34  Starport Reactor  
  64  5:38  SCV, Terran Infantry Weapons Level 1  
  64  5:40  Barracks Tech Lab  
  64  5:42  Marine x2  
  63  5:49  Marine  
  62  5:54  SCV x2  
  62  5:56  Barracks x2  
  62  5:57  Combat Shield  
  64  6:00  Marine x2  
  64  6:02  Stimpack, Marine  
  66  6:06  Marine, SCV  
  66  6:11  Supply Depot, Refinery  
  68  6:12  SCV  
  68  6:18  Marine x2  
  68  6:20  Marine  
  68  6:21  Siege Tank  
  68  6:24  Marine  
  74  6:36  Marine x2  
  74  6:38  Marine  
  74  6:39  Medivac x2  
  69  6:42  Marine  
  69  6:45  Barracks Tech Lab, Barracks Reactor  
  70  6:52  SCV x2  
  70  6:53  Marine  
  70  6:54  Marine  
  74  6:56  Marauder  
  74  7:00  Marauder  
  78  7:08  Command Center  
  78  7:11  Marine  
  78  7:15  Medivac x2  
  83  7:20  Marauder  
  83  7:21  Marauder  
  86  7:24  Marine  
  86  7:26  Marine  
  86  7:28  Marine  
  85  7:30  Marauder  
  85  7:31  Marine  
Show
View Real Time Build Order
Export as new Build Order

BackupJ Protoss - Winner!

Build Orders: 1 Gate Expand, Oracle Opening 

Get SALT Encoding   

  12  0:00  Probe  
  13  0:12  Probe  
  14  0:17  Pylon  
  14  0:23  Probe  
  15  0:31  Probe  
  16  0:37  Gateway  
  16  0:39  Probe  
  16  0:45  Assimilator  
  17  0:52  Probe  
  18  1:04  Probe  
  19  1:16  Probe  
  20  1:22  Nexus  
  20  1:32  Cybernetics Core  
  20  1:36  Probe  
  21  1:41  Assimilator  
  21  1:48  Probe  
  22  1:55  Pylon  
  22  1:59  Probe  
  23  2:05  Adept  
  23  2:09  Probe  
  26  2:18  Probe  
  26  2:20  Stargate  
  27  2:28  Warp Gate  
  27  2:30  Probe  
  28  2:37  Probe  
  28  2:42  Probe  
  30  2:49  Probe  
  30  2:51  Probe, Adept  
  34  2:59  Probe  
  34  3:01  Probe  
  34  3:03  Oracle  
  39  3:08  Probe  
  40  3:13  Probe  
  40  3:14  Pylon  
  41  3:20  Probe  
  41  3:25  Probe  
  43  3:28  Oracle  
  43  3:33  Probe  
  44  3:37  Probe  
  47  3:44  Pylon  
  47  3:45  Probe  
  48  3:48  Gateway  
  48  3:50  Probe  
  48  3:53  Gateway  
  49  3:57  Probe  
  49  3:59  Oracle  
  49  4:02  Pylon, Probe  
  51  4:09  Probe  
  55  4:14  Probe  
  56  4:17  Nexus  
  56  4:21  Probe  
  57  4:25  Assimilator  
  57  4:27  Assimilator  
  57  4:30  Twilight Council  
  57  4:32  Forge  
  57  4:35  Phoenix, Probe x2  
  61  4:47  Probe x2  
  61  4:49  Shield Battery  
  61  4:51  Charge  
  61  4:52  Shield Battery  
  63  4:54  Stalker  
  63  4:55  Protoss Ground Armor Level 1  
  63  4:58  Stalker  
  63  4:59  Probe  
  68  5:01  Stalker  
  68  5:07  Pylon  
  70  5:22  Shield Battery  
  70  5:25  Probe x2  
  72  5:29  Robotics Facility  
  72  5:31  Probe  
  73  5:37  Probe  
  73  5:42  Gateway  
  74  5:44  Gateway  
  74  5:45  Probe  
  74  5:49  Gateway  
  75  5:52  Stalker x2  
  75  5:53  Stalker  
  81  5:57  Pylon  
  81  5:59  Probe  
  81  6:01  Probe  
  83  6:12  Warp Prism  
  83  6:13  Probe x2  
  85  6:22  Zealot x3  
  93  6:30  Templar Archives  
  93  6:31  Gateway  
  93  6:33  Gateway  
  93  6:35  Pylon, Probe  
  93  6:36  Probe  
  95  6:43  Zealot x3  
  101  6:47  Pylon  
  101  6:48  Pylon  
  101  6:49  Pylon  
  101  6:57  Zealot x3  
  107  7:08  Probe x2  
  107  7:09  Probe  
  110  7:21  Zealot x6  
  122  7:28  Zealot x2  
  122  7:29  Probe  
  127  7:32  Probe  
  127  7:35  Probe  
  125  7:43  Zealot x6  
Tags
 
Add a new tag
Caveats
  • Supply blocks, unpowered buildings, or Contaminate may cause inaccurate times.
  • Supply counts are checked every 10 seconds.